 Dungeon Crawl Stone Soup version 0.31-a0-236-g9a0961fb85 (webtiles) character file.

Game seed: 2607940984913518155

2566 qw the Skirmisher (level 9, -7/78 (79) HPs)
             Began as a Minotaur Hexslinger on July 10, 2023.
             Was a Follower of Okawaru.
             Mangled by a death yak (10 damage)
             ... on level 7 of the Dungeon.
             The game lasted 00:02:37 (5901 turns).

qw the Skirmisher (Minotaur Hexslinger)             Turns: 5901, Time: 00:02:37

HP:   -7/78 (79)    AC:  5    Str: 12    XL:     9   Next: 31%
MP:   10/11         EV: 18    Int: 10    God:    Okawaru [*.....]
Gold: 363           SH:  0    Dex: 18    Spells: 9/10 levels left

rFire   . . .        l - +5 sling of Incongruity {flame, Fly}
rCold   . . .        (no shield)
rNeg    + . .        a - +2 robe {rN+}
rPois   +            (helmet restricted)
rElec   .            (no cloak)
rCorr   .            (no gloves)
SInv    .            m - +0 pair of boots
Will    .....        d - amulet of regeneration
Stlth   +++          e - ring of poison resistance
HPRegen 1.13/turn    (no ring)
MPRegen 0.12/turn

%: no passive effects
@: about to teleport, heroic, flying, lightly drained
A: horns 2, retaliatory headbutt
a: Renounce Religion, Heroism


You were on level 7 of the Dungeon.
You worshipped Okawaru.
Okawaru was aware of your devotion.
You visited 2 branches of the dungeon, and saw 9 of its levels.

You collected 408 gold pieces.
You spent 45 gold pieces at shops.


Innate Abilities, Weirdness & Mutations

You have a pair of horns on your head.
You reflexively headbutt those who attack you in melee.


   Skills:
 - Level 7.0(12.0) Fighting
 + Level 10.5(15.5) Ranged Weapons
 - Level 1.1(6.1) Armour
 - Level 5.0(10.0) Dodging
 - Level 1.0 Spellcasting
 - Level 2.0 Hexes
 - Level 4.0 Invocations


You had 9 spell levels left.
You knew the following spells:

 Your Spells              Type           Power      Damage    Failure   Level
a - Slow                  Hex            16%        N/A       16%         1

Your spell library contained the following spells:

 Spells                   Type           Power      Damage    Failure   Level
 Inner Flame              Hex/Fire       2%         N/A       56%         3
 Portal Projectile        Hex/Tloc       4%         N/A       56%         3
 Cause Fear               Hex            2%         N/A       83%         4

Inventory:

Hand Weapons
 l - the +5 sling of Incongruity (weapon) {flame, Fly}
   (You found it on level 2 of the Dungeon)

   Fly:       It grants you flight.
Armour
 a - a +2 robe of positive energy (worn)
 m - a +0 pair of boots (worn)
Jewellery
 d - an amulet of regeneration (around neck)
 e - a ring of poison resistance (left hand)
 i - a ring of fire
Scrolls
 c - a scroll of enchant weapon
 f - a scroll of teleportation
 k - 2 scrolls of identify
Potions
 b - a potion of heal wounds
 g - a potion of resistance
 j - a potion of might
 n - a potion of haste
 o - a potion of curing
 p - a potion of mutation

Dungeon Overview and Level Annotations

Branches:
Dungeon (8/15)             Temple (1/1) D:5            Lair (0/5) D:8

Altars:
Ashenzari
Cheibriados
Fedhas
Gozag
Hepliaklqana
Kikubaaqudgha
Makhleb
Okawaru
Qazlal
Trog
Uskayaw
Vehumet
Xom
Yredelemnul
Zin

Shops:
D:3 [   D:4 =

Annotations:
D:6 1 runed translucent door, qw's ghost, novice GrHs


Message History

The sling bullet hits the white imp but does no damage.
The orc priest completely misses you.
A death yak comes into view.
The death yak gores you!!
You shoot a sling bullet.
The sling bullet hits the death yak but does no damage.
The death yak is moderately wounded.
The orc priest barely misses you. You furiously retaliate!
You headbutt the orc priest. The death yak misses you. The hell rat bites you!
You partially resist.
You feel drained.
You shoot a sling bullet. The sling bullet hits the death yak.
The sling bullet burns the death yak.
The death yak is moderately wounded.
You shoot a sling bullet.
The sling bullet barely misses the death yak.
The sling bullet closely misses the white imp.
The hell rat misses you. You furiously retaliate!
You headbutt the hell rat! The death yak barely misses you.
The orc priest looks braver for a moment.
You shoot a sling bullet. The sling bullet hits the hell rat!
The sling bullet burns the hell rat.
You kill the hell rat!
Okawaru accepts your kill. The death yak gores you!!
An orc comes into view.
It is wielding a +0 dagger and wearing a +1 chain mail of cold resistance.
5899 ||| STAIRDANCE The hell rat closely misses you.
The orc warrior hits you with a +0 short sword!
The orc priest calls down the wrath of Beogh upon you.
Beogh smites you! The death yak barely misses you. The hell rat misses you.
You fly upwards.
There is a stone staircase leading down here.
5901 ||| READING 2 scrolls of teleportation.
As you read the scroll of teleportation, it crumbles to dust.
You feel strangely unstable.
The orc warrior hits you with a +0 short sword!
The hell rat closely misses you. You furiously retaliate!
You headbutt the hell rat! The orc priest completely misses you.
You furiously retaliate!
You headbutt the orc priest! The death yak gores you!
You die...

############
#...Y......#
#...@...|..#
#..roo.....#
#..........#
#......)...##########
#....[.[[............
#..........###.......
#.......[..# #.......
#..........###.......
##########..##.......


You could see a death yak, an orc warrior, a hell rat and an orc priest.

Vanquished Creatures
  Prince Ribbit (D:7)
  Menkaure (D:7)
  A water moccasin (D:7)
  2 black bears (D:6)
  An ogre (D:4)
  3 centaurs
  A kobold brigand (D:7)
  A bullfrog (D:7)
  A gnoll sergeant (D:7)
  6 scorpions
  A howler monkey (D:4)
  A crimson imp (D:3)
  A gnoll bouda (D:5)
  4 orc priests
  5 hounds
  2 jellies
  Jessica (D:3)
  A sleepcap (D:7)
  A hell rat (D:8)
  2 iguanas
  Natasha (D:3)
  6 orc wizards
  Robin (D:4)
  6 gnolls
  13 adders
  2 shadow imps
  A white imp (D:5)
  2 ufetubi (D:6)
  A worm (D:3)
  6 dart slugs
  20 orcs
  3 bats
  9 endoplasms
  2 giant cockroaches
  13 goblins
  9 hobgoblins
  19 kobolds
  4 quokkas
  6 ball pythons
  5 frilled lizards
  6 rats
  A spectral orc (D:3)
173 creatures vanquished.

Notes
Turn   | Place    | Note
-------+----------+-------------------------------------------
     0 | D:1      | qw the Minotaur Hexslinger began the quest for the Orb.
     0 | D:1      | Reached XP level 1. HP: 16/16 MP: 1/1
     0 | D:1      | 0 ||| qw: Version: 0.3-a-52-g30416fa
     0 | D:1      | 0 ||| qw: Game counter: 4589
     0 | D:1      | 0 ||| qw: Melee chars always use a shield: true
     0 | D:1      | 0 ||| qw: God list: Okawaru
     0 | D:1      | 0 ||| qw: Allow faded altars: false
     0 | D:1      | 0 ||| qw: Do Orc after clearing Dungeon:15 true
     0 | D:1      | 0 ||| qw: Do second Lair branch before Depths: true
     0 | D:1      | 0 ||| qw: Lair rune preference: random
     0 | D:1      | 0 ||| qw: Goals: Normal
     0 | D:1      | 0 ||| PLANNING D:1-11
    80 | D:1      | Reached skill level 3 in Ranged Weapons
   109 | D:1      | Reached XP level 2. HP: 23/23 MP: 2/2
   645 | D:1      | 645 ||| UPGRADING to +0 leather armour.
   655 | D:1      | 655 ||| DROPPING +0 robe.
   656 | D:1      | 656 ||| UPGRADING to amulet of regeneration.
   661 | D:1      | 661 ||| READING scroll labelled FIESIU KIWKUY.
   662 | D:1      | 662 ||| DROPPING scroll of poison.
   804 | D:2      | Reached XP level 3. HP: 29/29 MP: 3/3
  1085 | D:2      | Reached skill level 4 in Ranged Weapons
  1295 | D:2      | Identified the +5 sling of Incongruity {flame, Fly}
  1302 | D:2      | 1302 ||| SWAPPING to +5 sling of Incongruity {flame, Fly}.
  1303 | D:2      | 1303 ||| DROPPING +1 sling.
  1442 | D:2      | Reached XP level 4. HP: 36/36 MP: 4/4
  1824 | D:2      | 1824 ||| UPGRADING to +0 ring mail.
  1834 | D:2      | 1834 ||| DROPPING +0 leather armour.
  1835 | D:2      | 1835 ||| READING scroll labelled ROOVUIL KUTRUE.
  1836 | D:2      | 1836 ||| READING scroll labelled WOIL HOELOVAPH.
  1837 | D:2      | 1837 ||| READING scroll labelled NUBOGG LIHOI.
  1838 | D:2      | 1838 ||| READING scroll labelled SAKHET UZ GOEMN.
  1841 | D:2      | 1841 ||| READING scroll labelled GOFAUGAPNA.
  1842 | D:2      | 1842 ||| READING 3 scrolls of identify.
  1842 | D:2      | 1842 ||| IDENTIFYING murky inky potion
  1843 | D:2      | 1843 ||| READING 2 scrolls of identify.
  1843 | D:2      | 1843 ||| IDENTIFYING amethyst potion
  1844 | D:2      | 1844 ||| DROPPING potion of lignification.
  1845 | D:2      | 1845 ||| DROPPING potion of degeneration.
  1898 | D:3      | Reached skill level 1 in Armour
  1912 | D:3      | Found a radiant altar of Vehumet.
  1917 | D:3      | Noticed Jessica
  1927 | D:3      | Killed Jessica
  1928 | D:3      | Reached skill level 5 in Ranged Weapons
  1959 | D:3      | Found a hide-covered altar of Uskayaw.
  2323 | D:3      | Found a basalt altar of Yredelemnul.
  2427 | D:3      | Reached XP level 5. HP: 42/42 MP: 5/5
  2434 | D:3      | Noticed Natasha
  2442 | D:3      | Killed Natasha
  2443 | D:3      | Reached skill level 3 in Fighting
  2467 | D:3      | 2467 ||| FLEEEEING.
  2517 | D:3      | Found Icroetry's Armour Shoppe.
  2521 | D:3      | 2521 ||| SHOPLISTING +0 acid dragon scales (400 gold, have
                  | 123).
  2521 | D:3      | 2521 ||| BUYING +0 pair of boots (45 gold).
  2521 | D:3      | Bought a +0 pair of boots for 45 gold pieces
  2650 | D:3      | Found a shimmering altar of Xom.
  2651 | D:3      | Found a burning altar of Makhleb.
  2708 | D:3      | 2708 ||| UPGRADING to +2 robe of positive energy.
  2718 | D:3      | 2718 ||| DROPPING +0 ring mail.
  2719 | D:3      | 2719 ||| UPGRADING to +0 pair of boots.
  2724 | D:3      | 2724 ||| READING 2 scrolls labelled EKIGUU BYDUYPT.
  2725 | D:3      | 2725 ||| READING scroll labelled SEIVUKH ZUSHRA.
  2726 | D:3      | 2726 ||| READING 3 scrolls of identify.
  2726 | D:3      | 2726 ||| IDENTIFYING yellow potion
  2727 | D:3      | 2727 ||| READING 2 scrolls of identify.
  2727 | D:3      | 2727 ||| IDENTIFYING fuming puce potion
  2728 | D:3      | 2728 ||| DROPPING potion of ambrosia.
  2729 | D:3      | 2729 ||| DROPPING scroll of summoning.
  2777 | D:4      | Reached skill level 6 in Ranged Weapons
  3010 | D:4      | Noticed Robin
  3013 | D:4      | Reached XP level 6. HP: 51/51 MP: 6/6
  3019 | D:4      | Killed Robin
  3054 | D:4      | Found Ykkosisch's Jewellery Emporium.
  3064 | D:4      | 3064 ||| SHOPLISTING +6 ring of strength (432 gold, have
                  | 146).
  3064 | D:4      | 3064 ||| SHOPLISTING amulet of reflection (360 gold, have
                  | 146).
  3064 | D:4      | 3064 ||| SHOPLISTING ring of fire (300 gold, have 146).
  3064 | D:4      | 3064 ||| SHOPLISTING ring of positive energy (240 gold,
                  | have 146).
  3345 | D:4      | Found an opulent altar of Gozag.
  3358 | D:4      | Reached skill level 7 in Ranged Weapons
  3358 | D:4      | Reached XP level 7. HP: 60/60 MP: 7/7
  3565 | D:4      | 3565 ||| UPGRADING to ring of poison resistance.
  3566 | D:4      | 3566 ||| READING scroll labelled VUONKU ODAETILIMO.
  3606 | D:5      | Entered Level 5 of the Dungeon
  3660 | D:5      | 3660 ||| DRINKING 2 green potions.
  3682 | D:5      | Reached skill level 8 in Ranged Weapons
  3697 | D:5      | 3697 ||| Stepping ~*~*~tactically~*~*~ (outnumbered).
  3721 | D:5      | Reached skill level 3 in Dodging
  3834 | D:5      | Found a staircase to the Ecumenical Temple.
  3835 | D:5      | 3835 ||| PLANNING TEMPLE
  3842 | Temple   | Entered the Ecumenical Temple
  3842 | Temple   | Found a transporter.
  3842 | Temple   | Found a transporter.
  3844 | Temple   | Found a transporter.
  3844 | Temple   | Found a transporter.
  3853 | Temple   | 3853 ||| PLANNING OKAWARU WORSHIP
  3860 | Temple   | Became a worshipper of Warmaster Okawaru
  3861 | Temple   | 3861 ||| PLANNING D:1-11
  3902 | D:5      | 3902 ||| Stepping ~*~*~tactically~*~*~ (outnumbered).
  3904 | D:5      | 3904 ||| Stepping ~*~*~tactically~*~*~ (outnumbered).
  4142 | D:5      | 4142 ||| DRINKING 2 grey potions.
  4143 | D:5      | 4143 ||| DROPPING potion of invisibility.
  4258 | D:5      | Found an ancient bone altar of Kikubaaqudgha.
  4327 | D:5      | Reached XP level 8. HP: 68/68 MP: 8/8
  4589 | D:6      | Reached skill level 9 in Ranged Weapons
  4627 | D:6      | Noticed qw's ghost (novice GrHs)
  4700 | D:6      | Reached * piety under Okawaru
  4701 | D:6      | Reached skill level 6 in Fighting
  4720 | D:6      | 4720 ||| INVOKING Heroism.
  4725 | D:6      | Reached skill level 1 in Invocations
  4856 | D:6      | Found a runed translucent door.
  5180 | D:6      | 5180 ||| DROPPING scarf of shadows.
  5181 | D:6      | 5181 ||| READING scroll labelled RUUCHA UKHU.
  5282 | D:6      | 5282 ||| READING scroll labelled QEORPH EGUOSMU.
  5283 | D:6      | 5283 ||| READING 3 scrolls of identify.
  5283 | D:6      | 5283 ||| IDENTIFYING fuming grey potion
  5284 | D:6      | 5284 ||| READING 2 scrolls of identify.
  5284 | D:6      | 5284 ||| IDENTIFYING coppery potion
  5285 | D:6      | 5285 ||| DROPPING potion of berserk rage.
  5299 | D:7      | 5299 ||| INVOKING Heroism.
  5337 | D:7      | Reached skill level 3 in Invocations
  5344 | D:7      | Reached skill level 10 in Ranged Weapons
  5417 | D:7      | Found a snail-covered altar of Cheibriados.
  5421 | D:7      | 5421 ||| Stepping ~*~*~tactically~*~*~ (outnumbered).
  5424 | D:7      | 5424 ||| Stepping ~*~*~tactically~*~*~ (outnumbered).
  5437 | D:7      | 5437 ||| Stepping ~*~*~tactically~*~*~ (outnumbered).
  5444 | D:7      | Noticed Prince Ribbit
  5445 | D:7      | 5445 ||| INVOKING Heroism.
  5463 | D:7      | Killed Prince Ribbit
  5464 | D:7      | Reached XP level 9. HP: 75/75 MP: 8/11
  5516 | D:7      | 5516 ||| INVOKING Heroism.
  5683 | D:7      | Noticed Menkaure
  5684 | D:7      | 5684 ||| INVOKING Heroism.
  5686 | D:7      | Killed Menkaure
  5860 | D:7      | 5860 ||| DRINKING 2 bubbling golden potions.
  5861 | D:7      | 5861 ||| READING 3 scrolls of identify.
  5861 | D:7      | 5861 ||| IDENTIFYING fizzy black potion
  5888 | D:8      | Noticed a death yak
  5888 | D:8      | Found a staircase to the Lair.
  5889 | D:8      | 5889 ||| INVOKING Heroism.
  5894 | D:8      | Noticed a death yak
  5899 | D:8      | 5899 ||| STAIRDANCE
  5899 | D:8      | HP: 16/78 [orc warrior/+0 short sword (9)]
  5899 | D:8      | Noticed a death yak
  5901 | D:7      | 5901 ||| READING 2 scrolls of teleportation.
  5901 | D:7      | HP: 3/78 [orc warrior/+0 short sword (8)]
  5901 | D:7      | Mangled by a death yak

Levels and vault maps discovered:
D:1:      spicycebolla_green_bress_n_ham, layout_loops_ring
D:2:      layout_basic
D:3:      layout_basic, nicolae_uskayaw_dance_hall,
          yredelemnul_forgotten_temple_becter, vehumet_crystals,
          grunt_temple_overflow_champion_of_chaos, serial_shops, shop,
          uniq_natasha, uniq_jessica
D:4:      layout_loops_corners, mainiacjoe_overflow_catwalk, serial_shops, shop,
          uniq_robin
D:5:      layout_basic, nicolae_overflow_crystal_walls,
          minmay_temple_entry_overgrown, minmay_liquid_box, nicolae_the_louvre
D:6:      layout_basic, hellmonk_ghost_happy_afterlife
D:7:      layout_rooms, mainiacjoe_overflow_chevrons, uniq_prince_ribbit1,
          uniq_menkaure
D:8:      layout_loops_corners, nicolae_overflow_hallway_of_the_gods,
          dpeg_lair_monsters, uniq_grum
Temple:   hellmonk_temple_divided_pantheon

Skill      XL: |  1  2  3  4  5  6  7  8  9 |
---------------+----------------------------+-----
Ranged Weapons | 3 4 5 6 7 8 10 | 10.5
Fighting       | 2 3 4 5 6 7 |  7.0
Armour         | 1 |  1.1
Dodging        | 3 4 5 |  5.0
Invocations    | 4 |  4.0
Spellcasting   | |  1.0
Hexes          | |  2.0

Action                     |  1- 3 |  4- 6 |  7- 9 || total
---------------------------+-------+-------+-------++-------
   Fire: Sling             |   101 |   152 |   257 ||   510
 Invoke: Heroism           |       |       |     6 ||     6
    Use: Scroll            |     1 |    11 |     7 ||    19
         Potion            |       |       |     3 ||     3
 Armour: Robe              |     1 |     3 |    25 ||    29
         Leather armour    |     7 |     1 |       ||     8
         Ring mail         |       |     6 |       ||     6
  Dodge: Dodged            |    14 |    36 |    69 ||   119

Table legend:
 A = Non-vault XP
 B = Vault XP
 C = Vault XP percentage of total XP
 D = Non-vault monster count
 E = Vault monster count
 F = Vault count percentage of total count
                 A         B        C        D         E       F
            +---------+---------+-------+---------+---------+-------
      Total |    3018 |     649 |  17.7 |     154 |      19 |  11.0
            +---------+---------+-------+---------+---------+-------
        D:1 |      40 |       0 |   0.0 |      23 |       0 |   0.0
        D:2 |      70 |       0 |   0.0 |      23 |       0 |   0.0
        D:3 |      53 |     121 |  69.5 |      15 |       4 |  21.1
        D:4 |     465 |      37 |   7.4 |      22 |      12 |  35.3
        D:5 |     641 |       0 |   0.0 |      28 |       0 |   0.0
        D:6 |     707 |       0 |   0.0 |      12 |       0 |   0.0
        D:7 |    1042 |     455 |  30.4 |      31 |       2 |   6.1
        D:8 |       0 |      36 | 100.0 |       0 |       1 | 100.0
            +---------+---------+-------+---------+---------+-------
